 Dungeon Crawl Stone Soup version 0.30-a0-718-geaa24f58ff (webtiles) character file.

Game seed: 14025281636410937192

160 mistaj the Trooper (level 5, -1/34 HPs)
             Began as a Gargoyle Fighter on Jan 25, 2023.
             Slain by a gnoll
             ... wielding a +0 club
              (4 damage)
             ... on level 3 of the Dungeon.
             The game lasted 00:05:33 (2427 turns).

mistaj the Trooper (Gargoyle Fighter)               Turns: 2427, Time: 00:05:34

Health: -1/34      AC: 15    Str: 20    XL:     5   Next: 41%
Magic:  5/5        EV:  9    Int: 10    God:
Gold:   178        SH:  4    Dex:  9    Spells: 4/4 levels left

rFire   . . .      SeeInvis .    a - +0 war axe
rCold   . . .      Faith    .    c - +0 buckler
rNeg    + . .      Spirit   .    b - +0 scale mail
rPois   ∞          Reflect  .    q - +2 helmet
rElec   +          Harm     .    n - scarf {repulsion}
rCorr   .          Rampage  .    (no gloves)
Will    .....                    w - +0 pair of boots Stlth
                                 (no amulet)
HPRegen 0.25/turn                (no ring)
MPRegen 0.09/turn                (no ring)

@: repel missiles
A: sickness immunity, AC +4, negative energy resistance 1, electricity
resistance, torment resistance 1, petrification resistance
a: no special abilities


You were on level 3 of the Dungeon.
You visited 1 branch of the dungeon, and saw 3 of its levels.

You collected 178 gold pieces.

Inventory:

Hand Weapons
 a - a +0 war axe (weapon)
 t - a +5 dagger
Missiles
 e - 9 poisoned darts (quivered)
 j - 4 javelins
Armour
 b - a +0 scale mail (worn)
 c - a +0 buckler (worn)
 n - a scarf of repulsion (worn)
 q - a +2 helmet (worn)
 w - a +0 pair of boots (worn)
Jewellery
 f - a ring of fire
Scrolls
 g - 4 scrolls of vulnerability {unknown}
 i - 2 scrolls of magic mapping {unknown}
 l - 2 scrolls of enchant armour {unknown}
 o - 3 scrolls of identify
 r - 2 scrolls of teleportation {unknown}
 u - a scroll of fog {unknown}
 x - a scroll of noise {unknown}
 y - a scroll of poison {unknown}
 B - a scroll of amnesia {unknown}
 C - a scroll of brand weapon {unknown}
Potions
 d - a potion of might
 h - 2 potions of mutation
 k - a potion of degeneration {unknown}
 m - 2 potions of berserk rage {unknown}
 p - a potion of heal wounds {unknown}
 s - a potion of lignification {unknown}
 v - a potion of flight {unknown}
 z - a potion of attraction {unknown}
 A - a potion of magic {unknown}


   Skills:
 + Level 4.3 Fighting
 + Level 2.9 Axes
 + Level 4.3 Armour
 + Level 4.2 Shields


You had 4 spell levels left.
You didn't know any spells.
Your spell library contained the following spells:

 Spells                   Type           Power      Damage    Failure   Level
 Ensorcelled Hibernation  Hex/Ice        0%         N/A       90%         2
 Spider Form              Tmut/Pois      0%         N/A       99%         3
 Anguish                  Hex/Necr       0%         N/A       100%        4


Dungeon Overview and Level Annotations

Branches:
Dungeon (3/15)

Altars:
Dithmenos
Makhleb
Xom

Shops:
D:3 ([!=*


Innate Abilities, Weirdness & Mutations

You are immune to sickness and miasma.
Your stone body is resilient. (AC +4)
You are immune to poison.
You resist negative energy. (rN+)
You are resistant to electric shocks. (rElec)
You are resistant to unholy torment.
You are immune to petrification.


Message History

The gnoll is almost dead.
The gnoll barely misses you.
You completely miss the gnoll. The gnoll hits you with a +0 halberd!
You barely miss the gnoll. The gnoll hits you with a +0 halberd.
You hit the gnoll.
The gnoll is moderately wounded.
The gnoll hits you but does no damage. The gnoll hits you with a +0 halberd!
You are too injured to fight recklessly!
You hit the gnoll.
The gnoll is heavily wounded.
The gnoll hits you with a +0 halberd.
* * * LOW HITPOINT WARNING * * *
You slash the gnoll!
You kill the gnoll!
You barely miss the gnoll.
The gnoll is almost dead.
The gnoll hits you but does no damage. x2
You hit the gnoll.
You kill the gnoll!
You hit the gnoll.
The gnoll is lightly wounded.
You block the gnoll's attack.
You completely miss the gnoll.
The gnoll is lightly wounded.
The gnoll hits you but does no damage. x2
You closely miss the gnoll.
The gnoll is lightly wounded.
The gnoll hits you with a +0 club.
* * * LOW HITPOINT WARNING * * *
You closely miss the gnoll.
The gnoll is lightly wounded.
The gnoll barely misses you. The gnoll hits you but does no damage.
You closely miss the gnoll.
The gnoll is lightly wounded.
The gnoll hits you with a +0 club.
* * * LOW HITPOINT WARNING * * *
You slash the gnoll!
The gnoll is severely wounded.
The gnoll hits you with a +0 club.
You die...

#.# #.# ###.##.#.## ##.## #.
##.#.##.#.## ##...##
##.#.#.##.#.## #>....#
##.#.#.#.##.#.## ##...##
##.#.###.#.##.#.# ### ##.##
#####.#.##.##.#.##.#.
..#####.#####.##.#.##.#.##.#.##.#
#............##.#.##.#.#†##.#.##.
#######.######.#@##.#...#.##.#.##
#.# #g##.#.##([..##.#.# #######.#
#.#.##.#.##.#...#.## #.......#
##.#.##.#.##.#.#.##. #.####..#
##.#.##.#.##.#.##.# #.#.....#
##.#g##†#.##.##.#. ........#####
##.#g##.#.###.#.#
#.#.........#######.#g##.#.#.#.##
#.####...##.......##.#.##.#.#.##.


You could see a gnoll.

Vanquished Creatures
  Robin (D:2)
  2 gnolls (D:3)
  4 adders
  2 worms
  A dart slug (D:1)
  4 bats
  7 endoplasms
  2 giant cockroaches
  10 hobgoblins
  4 jackals (D:2)
  3 quokkas
  11 ball pythons
  3 frilled lizards
  16 goblins
  9 kobolds
  3 rats (D:2)
82 creatures vanquished.

Notes
Turn   | Place    | Note
-------+----------+-------------------------------------------
     0 | D:1      | mistaj the Gargoyle Fighter began the quest for the Orb.
     0 | D:1      | Reached XP level 1. HP: 14/14 MP: 1/1
   117 | D:1      | Reached XP level 2. HP: 19/19 MP: 2/2
   735 | D:2      | Found a shadowy altar of Dithmenos.
   899 | D:2      | Reached XP level 3. HP: 21/24 MP: 3/3
  1158 | D:2      | Noticed Robin
  1161 | D:2      | Reached XP level 4. HP: 26/29 MP: 4/4
  1456 | D:2      | Killed Robin
  1782 | D:3      | Found Bairy's Armour Shop.
  1834 | D:3      | Reached XP level 5. HP: 33/33 MP: 5/5
  1956 | D:3      | Found a shimmering altar of Xom.
  1957 | D:3      | Found a shimmering altar of Xom.
  1961 | D:3      | Found a shimmering altar of Xom.
  1961 | D:3      | Found a shimmering altar of Xom.
  1961 | D:3      | Found a shimmering altar of Xom.
  1976 | D:3      | Found a shimmering altar of Xom.
  1976 | D:3      | Found a shimmering altar of Xom.
  2036 | D:3      | Found Bicusago's Antique Weapon Boutique.
  2222 | D:3      | Found Gionac's Distillery.
  2325 | D:3      | Found a burning altar of Makhleb.
  2354 | D:3      | Found Jat Ostra's General Store.
  2386 | D:3      | Found Vicheonwo's Jewellery Boutique.
  2427 | D:3      | Slain by a gnoll

Illustrated notes

Levels and vault maps discovered:
D:1:      dpeg_arrival_shrine, layout_basic, minmay_pentomino_t2
D:2:      layout_rooms, basic_altar, minmay_misc_feat_tiny, minmay_fountain_box,
          minmay_increasing_density, uniq_robin
D:3:      minmay_inner_zag, layout_loops_corners, nicolae_xom_altar_mimics,
          lemuel_doored_altar, serial_shops,
          nicolae_shop_temple_entry_statues_fountains, nicolae_shop_stone,
          nicolae_shop_statue_plus, nicolae_diamond_shop,
          nicolae_shop_temple_entry_statues_fountains

Skill      XL: |  1  2  3  4 |
---------------+-------------+-----
Axes           | 2 |  2.9
Fighting       | 4 |  4.3
Armour         | 4 |  4.3
Shields        | 4 |  4.2

Action                     |  1- 3 |  4- 6 || total
---------------------------+-------+-------++-------
  Melee: War axe           |   133 |   145 ||   278
    Use: Scroll            |       |     1 ||     1
 Armour: Scale mail        |    79 |    89 ||   168
  Dodge: Dodged            |    62 |    69 ||   131
  Block: Buckler           |    38 |    37 ||    75

Table legend: (Time is in decaauts)
 A = Elapsed time spent in this place.
 B = Non-inter-level travel time spent in this place.
 C = Inter-level travel time spent in this place.
 D = Time resting spent in this place.
 E = Time spent auto-exploring this place.
 F = Levels seen in this place.
 G = Mean time per level.
                   A        B        C        D        E       F      G
               +--------+--------+--------+--------+--------+-----+--------+
         Total |   2545 |   2462 |     83 |    260 |   1355 |   3 |  848.3 |
       Dungeon |   2545 |   2462 |     83 |    260 |   1355 |   3 |  848.3 |
               +--------+--------+--------+--------+--------+-----+--------+

Top non-repeatable levels by time:
     D:2: 914 daAuts
     D:1: 903 daAuts
     D:3: 727 daAuts
